 Dungeon Crawl Stone Soup version 0.25-a0-458-g6fc7858b95 (webtiles) character file.

Game seed: 4053991062568889879, levelgen mode: deterministic

550592 melenkurio the Acrobat (level 25, -7/153 HPs)
             Began as a Deep Elf Fire Elementalist on Jan 23, 2020.
             Was the Champion of Vehumet.
             Killed from afar by an acid blob (10 damage)
             ... with a splash of acid
             ... on level 4 of the Pits of Slime on Feb 2, 2020.
             The game lasted 09:47:11 (73666 turns).

melenkurio the Acrobat (DEFE)                      Turns: 73666, Time: 09:47:11

Health: -7/153     AC:  9    Str: 10    XL:     25   Next: 54%
Magic:  12/63      EV: 34    Int: 39    God:    Vehumet [******]
Gold:   7437       SH:  0    Dex: 21    Spells: 14/63 levels left

rFire    + + +     SeeInvis +   V - +6 Majin-Bo {vamp, Archmagi MP+6 Int+6}
rCold    + + +     Gourm    +   (shield currently unavailable)
rNeg     + . .     Faith    .   f - +2 robe {rC+ rF+}
rPois    +         Spirit   .   C - +2 hat of Oblivion {rPois rF++}
rElec    .         Reflect  .   J - +5 cloak "Kojun" {rN+ SInv}
rCorr    .         Harm     .   t - +2 pair of gloves
MR       ++...     Rnd*Tele +   O - +4 pair of boots "Lurch" {Str+2 Stlth+}
Stlth    +++++++...             v - amulet of Poufririkh {Gourm rC+ Stlth+}
HPRegen  0.35/turn              H - ring "Vozxaus" {rC+ AC+2 SInv}
MPRegen  0.38/turn              p - ring "Uvoskez" {MP+9 Int+3 Dex+6}

@: corroded, very slightly contaminated, studying Summonings
A: blurry vision 1, deformed body, screaming 1, teleportitis 1
}: 2/15 runes: decaying, serpentine
a: Renounce Religion


You were on level 4 of the Pits of Slime.
You worshipped Vehumet.
Vehumet was exalted by your worship.
You were not hungry.

You visited 10 branches of the dungeon, and saw 49 of its levels.
You visited the Abyss 2 times.
You visited 1 bazaar.
You also visited: Sewer, Ice Cave and Wizlab.

You collected 10535 gold pieces.
You spent 3098 gold pieces at shops.

Inventory:

Hand Weapons
 x - the +7 spear of the Swamp {freeze, rC- rN+ MR+ Dex+8}
   (You found it on level 6 of the Lair of Beasts)

   It has been specially enchanted to freeze those struck by it, causing extra
   injury to most foes and up to half again as much damage against particularly
   susceptible opponents.
   It can also slow down cold-blooded creatures.
   It affects your dexterity (+8).
   It makes you vulnerable to cold.
   It protects you from negative energy.
   It affects your resistance to hostile enchantments.
 L - the +5 spear of False Accusations {flame, rPois rN+++ Str-5 Int+7}
   (You acquired it on level 2 of the Snake Pit)

   It has been specially enchanted to burn those struck by it, causing extra
   injury to most foes and up to half again as much damage against particularly
   susceptible opponents.
   It affects your strength (-5).
   It affects your intelligence (+7).
   It protects you from poison.
   It renders you almost immune to negative energy.
 V - the +6 Majin-Bo (weapon) {vamp, Archmagi MP+6 Int+6}
   (You took it off a Hellbinder in a wizard's laboratory)

   It inflicts no extra harm, but heals its wielder when it wounds a living foe.
   It affects your intelligence (+6).
   It affects your magic capacity (+6).
Armour
 f - a +2 robe of resistance (worn)
 t - a +2 pair of gloves (worn)
 C - the +2 hat of Oblivion (worn) {rPois rF++}
   (You found it on level 3 of the Elven Halls)

   It greatly protects you from fire.
   It protects you from poison.
   If you remove this armour, your AC will fall 2 points (9 -> 7)
 J - the +5 cloak "Kojun" (worn) {rN+ SInv}
   (You found it on level 12 of the Dungeon)

   It protects you from negative energy.
   It lets you see invisible.
   If you remove this armour, your AC will fall 6 points (9 -> 3)
 O - the +4 pair of boots "Lurch" (worn) {Str+2 Stlth+}
   (You found it on level 11 of the Dungeon)

   It affects your strength (+2).
   It makes you more stealthy.
   If you remove this armour, your AC will fall 5 points (9 -> 4)
 U - a +3 buckler of poison resistance
Magical Staves
 g - an uncursed staff of death
 W - an uncursed staff of fire
Jewellery
 k - the ring of Serendipity {rPois rN++}
   (You took it off a deep elf demonologist on level 3 of the Elven Halls)

   [ring of poison resistance]

   It protects you from poison.
   It greatly protects you from negative energy.
 l - an uncursed amulet of guardian spirit
 p - the ring "Uvoskez" (right hand) {MP+9 Int+3 Dex+6}
   (You acquired it on level 6 of the Dungeon)

   [ring of magical power]

   It affects your intelligence (+3).
   It affects your dexterity (+6).
   It affects your magic capacity (+9).
 v - the amulet of Poufririkh (around neck) {Gourm rC+ Stlth+}
   (You took it off a deep elf annihilator on level 3 of the Elven Halls)

   [amulet of the gourmand]

   It allows you to eat raw meat even when not hungry.
   It protects you from cold.
   It makes you more stealthy.
 H - the ring "Vozxaus" (left hand) {rC+ AC+2 SInv}
   (You took it off a deep elf demonologist on level 3 of the Elven Halls)

   [ring of protection]

   It affects your AC (+2).
   It protects you from cold.
   It lets you see invisible.
Wands
 y - a wand of digging (13)
 E - a wand of paralysis (10)
 G - a wand of clouds (6)
Scrolls
 h - 6 scrolls of blinking
 j - 3 scrolls of immolation
 m - 9 scrolls of teleportation
 q - 8 scrolls of fog
 r - 4 scrolls of remove curse
 u - 4 scrolls of enchant armour
 z - 3 scrolls of brand weapon
 D - 7 scrolls of enchant weapon
 K - 4 scrolls of identify
 M - 6 scrolls of fear
 S - 2 scrolls of summoning
 T - a scroll of silence
 X - 3 scrolls of magic mapping
 Z - 2 scrolls of holy word
Potions
 a - 14 potions of curing
 b - 4 potions of flight
 n - 9 potions of invisibility
 o - 6 potions of brilliance
 s - 3 potions of berserk rage
 w - 5 potions of resistance
 A - 6 potions of haste
 F - 3 potions of ambrosia
 I - 2 potions of heal wounds
 P - a potion of agility
 Q - 3 potions of cancellation
 Y - a potion of might
Books
 d - a manual of Summonings
Miscellaneous
 e - a lightning rod (4/4)
 B - 4 phantom mirrors
 R - a phial of floods
Comestibles
 c - 77 rations


   Skills:
 + Level 14.5 Fighting
 + Level 24.5 Dodging
 - Level 9.8 Stealth
 - Level 2.0 Shields
 - Level 19.8 Spellcasting
 + Level 22.8 Conjurations
 - Level 6.5 Translocations
 + Level 23.0 Fire Magic
   Level 1.1 Ice Magic
 - Level 14.7 Earth Magic


You had 14 spell levels left.
You knew the following spells:

 Your Spells              Type           Power        Failure   Level  Hunger
b - Starburst             Conj/Fire      ########..   0%          6    None
c - Sticky Flame          Conj/Fire      ########     0%          4    None
d - Fireball              Conj/Fire      ########..   0%          5    None
e - Lehudib's Crystal Sp  Conj/Erth      ########..   1%          8    ###....
g - Iron Shot             Conj/Erth      ########..   1%          6    None
h - Passage of Golubria   Tloc           N/A          1%          4    None
i - Orb of Destruction    Conj           ########..   1%          7    None
j - Fire Storm            Conj/Fire      ########..   1%          9    #####..

Your spell library contained the following spells:

 Spells                   Type           Power        Failure   Level  Hunger
 Glaciate                 Conj/Ice       ########..   75%         9    #####..
 Foxfire                  Conj/Fire      ####         0%          1    None
 Sandblast                Erth           ######       0%          1    None
 Searing Ray              Conj           ######       0%          2    None
 Conjure Flame            Conj/Fire      ########     0%          3    None
 Dazzling Flash           Conj/Hex       ######       0%          3    None
 Inner Flame              Hex/Fire       ########     0%          3    None
 Static Discharge         Conj/Air       ########     0%          3    None
 Stone Arrow              Conj/Erth      ######       0%          3    None
 Iskenderun's Mystic Bla  Conj/Tloc      ########     0%          4    None
 Bolt of Magma            Conj/Fire/Erth ########..   0%          5    None
 Animate Skeleton         Necr           N/A          1%          1    None
 Beastly Appendage        Tmut           ######       1%          1    None
 Corona                   Hex            ######.      1%          1    None
 Freeze                   Ice            ####         1%          1    None
 Infusion                 Chrm           ####         1%          1    None
 Pain                     Necr           ####         1%          1    None
 Sting                    Tmut/Pois      ####         1%          1    None
 Summon Butterflies       Summ           ######..     1%          1    None
 Summon Small Mammal      Summ           ####         1%          1    None
 Blink                    Tloc           N/A          1%          2    None
 Call Imp                 Summ           ######..     1%          2    None
 Corpse Rot               Necr/Air       N/A          1%          2    None
 Ensorcelled Hibernation  Hex/Ice        ######       1%          2    None
 Passwall                 Tmut/Erth      #######.     1%          2    None
 Poisonous Vapours        Pois/Air       ######       1%          2    None
 Shroud of Golubria       Chrm/Tloc      ######       1%          2    None
 Song of Slaying          Chrm           ######..     1%          2    None
 Sticks to Snakes         Tmut           ######..     1%          2    None
 Sublimation of Blood     Necr           ######....   1%          2    None
 Call Canine Familiar     Summ           ######..     1%          3    None
 Confusing Touch          Hex            ######..     1%          3    None
 Gell's Gravitas          Tloc           #######...   1%          3    None
 Ignite Poison            Fire/Tmut/Pois #######.     1%          3    None
 Lesser Beckoning         Tloc           #######...   1%          3    None
 Mephitic Cloud           Conj/Pois/Air  #######.     1%          3    None
 Ozocubu's Armour         Chrm/Ice       ######..     1%          3    None
 Recall                   Summ/Tloc      N/A          1%          3    None
 Spectral Weapon          Hex/Chrm       ######..     1%          3    None
 Spider Form              Tmut/Pois      ######....   1%          3    None
 Summon Guardian Golem    Hex/Summ       ######..     1%          3    None
 Teleport Other           Tloc           #######.     1%          3    None
 Tukima's Dance           Hex            ######..     1%          3    None
 Vampiric Draining        Necr           ######....   1%          3    None
 Hailstorm                Conj/Ice       ########     1%          4    None
 Leda's Liquefaction      Hex/Erth       #######...   1%          4    None
 Olgreb's Toxic Radiance  Pois           ######..     1%          4    None
 Petrify                  Tmut/Erth      #######.     1%          4    None
 Irradiate                Conj/Tmut      ########..   1%          5    None
 Iskenderun's Battlesphe  Conj/Chrm      ########     1%          5    None
 Lee's Rapid Deconstruct  Erth           ########..   1%          5    None
 Lightning Bolt           Conj/Air       ########..   1%          5    None
 Conjure Ball Lightning   Conj/Air       ########..   1%          6    None
 Freezing Cloud           Conj/Ice/Air   ########..   1%          6    None
 Spellforged Servitor     Conj/Summ      ########..   1%          7    None
 Statue Form              Tmut/Erth      #######..    4%          6    None
 Ice Form                 Ice/Tmut       ######..     5%          4    None
 Summon Ice Beast         Ice/Summ       ######..     5%          4    None
 Yara's Violent Unravell  Hex/Tmut       ######....   5%          5    None
 Ring of Flames           Chrm/Fire      ########..   5%          7    None
 Animate Dead             Necr           N/A          7%          4    None
 Cause Fear               Hex            ######....   7%          4    None
 Dispel Undead            Necr           ######..     7%          4    None
 Summon Lightning Spire   Summ/Air       ######..     7%          4    None
 Dispersal                Tloc           #######...   7%          6    None
 Metabolic Englaciation   Hex/Ice        ######....   16%         5    None
 Agony                    Necr           ######..     19%         5    None
 Alistair's Intoxication  Tmut/Pois      ######..     19%         5    None
 Blade Hands              Tmut           ######....   19%         5    None
 Excruciating Wounds      Chrm/Necr      ######....   19%         5    None
 Silence                  Hex/Air        ######....   19%         5    None
 Summon Mana Viper        Hex/Summ       ######..     19%         5    None
 Shatter                  Erth           ########..   38%         9    #####..
 Deflect Missiles         Chrm/Air       ######....   71%         6    None
 Eringya's Noxious Bog    Tmut/Pois      ######....   71%         6    None
 Hydra Form               Tmut           ######....   71%         6    None
 Invisibility             Hex            ######..     71%         6    None
 Malign Gateway           Summ/Tloc      #######...   83%         7    None
 Controlled Blink         Tloc           N/A          97%         8    ###....
 Dragon Form              Tmut           ######....   99%         7    None
 Summon Hydra             Summ           ######....   99%         7    None
 Dragon's Call            Summ           ######....   100%        9    #####..


Dungeon Overview and Level Annotations

Branches:
Dungeon (15/15)            Temple (1/1) D:7            Lair (6/6) D:11
  Swamp (4/4) Lair:2        Snake (4/4) Lair:2        Slime (5/5) Lair:5
    Orc (2/2) D:10            Elf (3/3) Orc:2        Vaults (4/5) D:13
  Crypt (0/3) Vaults:2     Depths (5/5) D:15            Zot (0/5) Depths:5
  Sewer (visited)           IceCv (visited)          WizLab (visited)

Altars:
Ashenzari
Cheibriados
Dithmenos
Elyvilon
Fedhas
Hepliaklqana
Kikubaaqudgha
Makhleb
Nemelex Xobeh
Okawaru
Qazlal
Ru
Sif Muna
Uskayaw
Vehumet
Wu Jian
Xom
Yredelemnul
Zin
The Shining One
Beogh
Jiyva

Shops:
D:5 (   D:13 !   Orc:1 ?   Orc:2 *(*?!([=*[(   Elf:2 %*=[(   Snake:1 (
Snake:2 *}}?   Vaults:1 (   Vaults:3 !   Vaults:4 :([   Depths:3 }}=
Depths:5 ?

Portals:
Hell: Depths:1 Depths:2 Depths:3 Depths:4 Depths:5
Abyss: Depths:3
Pandemonium: Depths:2 Depths:3
Ziggurat: Depths:1


Innate Abilities, Weirdness & Mutations

Scrolls take you a little longer to read.
Armour fits poorly on your strangely shaped body.
You occasionally shout uncontrollably at your foes.
You are occasionally teleported next to monsters.


Message History

The acid corrodes you!
You are splashed with acid!
* * * LOW HITPOINT WARNING * * *
The death ooze barely misses you. x2
You feel much better. The acid blob spits acid at you.
The splash of acid hits you!
* * * LOW HITPOINT WARNING * * *
The acid corrodes you!
You are splashed with acid!
* * * LOW HITPOINT WARNING * * *
The death ooze completely misses you. x2
Really read with blurry vision while enemies are nearby?
You begin reading the scroll.
You continue reading the scroll.
The acid blob hits you!
* * * LOW HITPOINT WARNING * * *
You are splashed with acid!
* * * LOW HITPOINT WARNING * * *
The death ooze misses you. x2
The acid blob spits acid at you. The splash of acid hits you!
You die...

##*##...#....#.#.......##.##
#.##.#..#.....#............#
..........................##
*.#.....##.##.............#
**#....#....#........#...##
###.........#......##..##
##......................###
#................J......#.##
#......##.......@..........#
...##.##.........J........##
..#*###...................#
##* #...................## *
##.<...............##
##..................#
#.........#......#.##
##...#.....#....####
####......#.<...#,**


You could see an acid blob and a death ooze.

Vanquished Creatures
  the Royal Jelly (Slime:5)
  Dissolution (Slime:5)
  The ghost of Usmir the Bewitcher, a master KoEn of Dithmenos (Depths:2)
  The ghost of Mouclizon the Hoplite, a veteran MiFi of Gozag (Elf:2)
  4 caustic shrikes (Depths:5)
  The ghost of Avadwis the Eclecticist, a veteran GnWz of Ashenzari (Depths:2)
  The ghost of Viruaf the Eclecticist, a veteran GnWz of Ashenzari (Depths:2)
  Nikola (Swamp:4)
  4 golden dragons
  the Enchantress (Depths:3)
  A profane servitor (Abyss:4)
  A Hellbinder (WizLab)
  6 liches
  The ghost of Ducki the Executioner, an adept DDFi of Makhleb (Elf:1)
  The ghost of PeterQ the Swashbuckler, an adept GnGl of Uskayaw (Vaults:3)
  Rupert (D:13)
  An iron giant (Depths:2)
  3 tentacled monstrosities
  4 deep elf blademasters
  Asterion (Vaults:3)
  3 deep elf master archers (Elf:3)
  22 acid blobs
  An eldritch tentacle (Depths:1)
  6 sphinxes
  2 tentacled starspawn
  2 thorn hunters (Depths:3)
  Roxanne (Swamp:1)
  Donald (Swamp:3)
  17 azure jellies
  3 tengu reavers
  4 storm dragons
  5 fire giants
  A shadow dragon (Depths:4)
  8 nagarajas (Snake:4)
  An orc warlord (Orc:2)
  9 deep elf sorcerers
  A draconian scorcher (Abyss:2)
  A draconian knight (Depths:5)
  2 iron dragons (Depths:4)
  Aizul (Elf:2)
  3 frost giants
  A balrug (WizLab)
  7 vault wardens
  6 deep elf elementalists
  4 spriggan defenders
  A draconian stormcaller (Depths:5)
  17 ironheart preservers
  A stone giant (shapeshifter) (Depths:3)
  21 stone giants
  A blood saint (WizLab)
  4 vampire knights
  14 very ugly things
  2 entropy weavers
  2 green draconians (Depths:5)
  4 deep elf demonologists
  5 dire elephants (Lair:6)
  Azrael (D:14)
  3 lorocyprocas
  11 deep elf annihilators
  A purple draconian (Depths:5)
  A spark wasp (shapeshifter) (Vaults:3)
  2 yellow draconians (Depths:5)
  A red draconian (Depths:5)
  A white draconian (Depths:5)
  5 spark wasps
  The ghost of Perturabo the Basher, a journeyman GrFi of Okawaru (D:14)
  Snorg (Lair:5)
  11 ettins
  An ettin (shapeshifter) (Depths:5)
  A green death (WizLab)
  3 deep elf death magi (Elf:3)
  A blizzard demon (WizLab)
  4 death oozes (Slime:5)
  12 great orbs of eyes
  8 fire dragons
  11 ogre magi
  8 ice dragons
  9 yaktaur captains
  3 jiangshi (Depths:1)
  4 vault guards
  28 hydras
  9 naga warriors
  Fannar (Lair:3)
  3 shambling mangroves
  3 deep elf high priests (Elf:3)
  2 rakshasas
  2 death knights
  2 ghost crabs (Swamp:3)
  5 hell beasts
  5 satyrs (Depths:3)
  8 centaur warriors
  16 alligators
  3 spriggan air magi
  12 anacondas
  4 deep troll shamans
  8 deep troll earth magi
  30 two-headed ogres
  30 dancing weapons
  5 tengu warriors
  A vampire mage (Depths:1)
  A storm dragon zombie (Vaults:3)
  11 spriggan berserkers
  19 naga sharpshooters
  4 orc high priests
  2 thrashing horrors
  A large abomination (Abyss:2)
  Sonja (Lair:3)
  2 wretched stars
  3 sun demons (Depths:4)
  9 shock serpents
  22 deep elf knights
  Nergalle (Orc:2)
  3 shadow wraiths
  2 salamander mystics
  7 iron trolls
  A sixfirhy (WizLab)
  A death drake (Elf:2)
  8 sea snakes (Snake:4)
  A hell knight (Depths:4)
  A shadow demon (Depths:2)
  A death drake (shapeshifter) (Depths:1)
  17 deep trolls
  A glowing orange brain (shapeshifter) (Vaults:4)
  4 spriggan druids
  2 glowing orange brains
  4 unseen horrors
  7 starcursed masses
  An obsidian statue (Depths:4)
  A storm dragon skeleton (Abyss:2)
  6 naga ritualists
  5 wizards
  A wolf spider zombie (D:13)
  16 swamp dragons
  2 flayed ghosts
  Pikel (D:8)
  A phantasmal warrior (Abyss:4)
  15 deep elf archers
  4 necromancers
  5 ironbrand convokers
  17 orc knights
  15 mana vipers
  6 orc sorcerers
  61 deep elf magi
  2 salamanders (shapeshifter)
  A sphinx zombie (Depths:2)
  An oklob plant (Lair:2)
  10 salamanders
  59 ugly things
  8 cyclopes
  7 shining eyes
  5 fauns (Depths:3)
  2 wolf spiders
  2 worldbinders (Abyss:4)
  8 guardian serpents
  3 ice statues (IceCv)
  Joseph (D:7)
  17 naga magi
  4 centaur zombies
  15 vault sentinels
  2 water nymphs (Depths:3)
  A water nymph (shapeshifter) (Depths:4)
  A fire giant skeleton (Depths:1)
  3 eyes of devastation
  Psyche (D:8)
  5 smoke demons
  A gargoyle (D:15)
  3 rust devils
  42 black mambas
  An elf zombie (Depths:2)
  23 spiny frogs
  2 stone giant skeletons
  A hellion (WizLab)
  3 orange demons
  2 rime drakes (shapeshifter)
  A rime drake (Lair:6)
  A yaktaur zombie (Vaults:3)
  59 yaktaurs
  3 ancient zymes
  4 hellwings
  5 kobold demonologists
  5 freezing wraiths
  A demonic crawler (Lair:4)
  5 tengu conjurers
  A yaktaur (shapeshifter) (Depths:4)
  8 red devils
  7 komodo dragons
  An efreet (Abyss:4)
  10 trolls
  A polar bear (Lair:6)
  5 ice devils
  6 meliai
  2 trolls (shapeshifter)
  Prince Ribbit (D:8)
  2 jumping spiders (Depths:1)
  Grinder (D:5)
  6 tyrant leeches
  23 hornets
  4 dream sheep (Lair:5)
  130 slime creatures
  A wolf spider simulacrum (Abyss:4)
  An iron dragon simulacrum (Depths:2)
  A raiju (Abyss:2)
  A wind drake (shapeshifter) (Depths:3)
  35 blink frogs
  A spriggan zombie (Depths:2)
  5 bog bodies (Swamp:4)
  A hornet (shapeshifter) (Vaults:2)
  A fire giant simulacrum (Vaults:3)
  A frost giant simulacrum (Vaults:2)
  2 air elementals
  8 hippogriffs
  2 redbacks (Vaults:2)
  Sigmund (D:5)
  2 wraiths (Vaults:3)
  5 wyverns
  26 yaks
  17 spriggans
  4 water elementals
  An ice dragon skeleton (Abyss:4)
  3 ynoxinuls
  A human (shapeshifter) (Vaults:3)
  2 fire bats (Depths:2)
  3 shadows
  4 fire elementals
  2 hogs (shapeshifter)
  3 basilisks
  A golden eye (shapeshifter) (Depths:4)
  13 golden eyes
  2 neqoxecs
  19 humans (D:13)
  3 hungry ghosts
  3 chaos spawn (WizLab)
  3 spatial vortices
  11 insubstantial wisps
  21 vampire mosquitoes
  Duvessa (D:5)
  58 nagas
  14 water moccasins
  An acid dragon (shapeshifter) (Vaults:4)
  3 acid dragons
  17 swamp worms
  7 wargs
  3 hell hounds (D:14)
  15 swamp drakes
  3 porcupines
  18 ice beasts
  47 orc warriors
  3 sky beasts
  A black bear (shapeshifter) (Depths:4)
  A spriggan simulacrum (Depths:1)
  9 eyes of draining
  6 phantoms
  31 ogres
  A centaur (shapeshifter) (Vaults:1)
  3 slaves (D:8)
  7 wolves
  19 centaurs
  15 crocodiles
  An elf simulacrum (Vaults:1)
  7 big kobolds
  2 wyvern zombies
  20 bullfrogs
  A gnoll sergeant (D:12)
  3 small abominations
  3 earth elementals
  A scorpion (D:9)
  A troll zombie (D:10)
  A water moccasin skeleton (D:6)
  Dowan (D:5)
  2 human simulacra
  10 killer bees
  5 wights (D:7)
  3 electric eels (D:11)
  2 howler monkeys (D:10)
  16 crimson imps
  9 hounds
  6 centaur skeletons
  8 iron imps
  26 orc priests
  A gnoll shaman (D:4)
  Crazy Yiuf (D:2)
  3 bullfrog skeletons
  13 jellies
  23 orc wizards
  Terence (D:3)
  3 iguanas
  Natasha (thrice) (D:2)
  12 hell rats
  A merfolk siren (Sewer)
  13 worker ants
  2 killer bee zombies
  A merfolk avatar (Sewer)
  7 ogre zombies (D:10)
  2 hound skeletons
  Robin (D:3)
  3 worker ant zombies
  29 gnolls
  A howler monkey skeleton (D:10)
  9 river rats
  19 adders
  4 shadow imps
  2 white imps
  An ufetubus (Depths:3)
  5 oozes
  An adder skeleton (D:7)
  An adder zombie (D:5)
  2 worms
  A ball lightning (Elf:2)
  2 dart slugs
  10 leopard geckos
  91 orcs
  8 ball pythons
  6 giant cockroaches
  18 goblins
  13 hobgoblins
  3 jackals (D:4)
  25 kobolds
  5 quokkas
  12 bats
  9 frilled lizards
  5 goblin skeletons (D:10)
  A goblin zombie (D:10)
  2 hobgoblin skeletons (D:10)
  3 hobgoblin zombies (D:10)
  A jackal skeleton (D:5)
  2 orc skeletons (D:10)
  12 orc zombies (D:10)
  39 rats
  4 briar patches (Depths:3)
  2 bushes
  2 crawling corpses (Elf:3)
  2 fire vortices
  5 fungi
  34 plants
  A starspawn tentacle (Abyss:4)
2425 creatures vanquished.

Vanquished Creatures (collateral kills)
  Saint Roka (Orc:1)
  A sphinx (Depths:4)
  A deep elf annihilator (Elf:3)
  A yaktaur captain (Depths:3)
  An ogre mage (Depths:3)
  A naga mage (Snake:4)
  A slime creature (Slime:4)
  A naga (Snake:4)
  An orc warrior (Vaults:4)
  An orc wizard (Vaults:4)
  A white imp (Depths:4)
  A kobold (Abyss:4)
12 creatures vanquished.

Vanquished Creatures (others)
  A very ugly thing (Depths:3)
  A dancing weapon (Elf:2)
  A spatial maelstrom (Elf:2)
  A spriggan (Swamp:3)
  A golden eye (shapeshifter) (Elf:2)
  A bush (Lair:5)
  103 fire vortices
  1678 foxfires
  8 fungi
  2 lurking horrors
  24 plants
  8 starspawn tentacles
1829 creatures vanquished.

Grand Total: 4266 creatures vanquished

Notes
Turn   | Place    | Note
-------+----------+-------------------------------------------
     0 | D:1      | melenkurio the Deep Elf Fire Elementalist began the quest
                  | for the Orb.
     0 | D:1      | Reached XP level 1. HP: 10/10 MP: 6/6
   182 | D:1      | Reached XP level 2. HP: 15/15 MP: 5/8
   556 | D:1      | Reached skill level 3 in Dodging
   723 | D:1      | Reached XP level 3. HP: 19/19 MP: 7/10
  1035 | D:2      | Learned a level 3 spell: Conjure Flame
  1130 | D:2      | Found a basalt altar of Yredelemnul.
  1136 | D:2      | Reached XP level 4. HP: 24/24 MP: 4/11
  1176 | D:2      | Found an iron altar of Okawaru.
  1178 | D:2      | Found a sparkling altar of Nemelex Xobeh.
  1248 | D:2      | Noticed Natasha
  1265 | D:2      | Killed Natasha
  1543 | D:2      | Noticed Natasha
  1546 | D:2      | Killed Natasha
  1556 | D:2      | Found a runed translucent door.
  1557 | D:2      | Noticed Crazy Yiuf
  1582 | D:2      | Killed Crazy Yiuf
  1582 | D:2      | Reached XP level 5. HP: 19/28 MP: 9/13
  1791 | D:2      | Noticed Natasha
  1796 | D:2      | Killed Natasha
  1796 | D:2      | Reached skill level 4 in Dodging
  1926 | D:3      | Found a glowing drain.
  1981 | Sewer    | Entered a sewer
  2203 | Sewer    | Reached XP level 6. HP: 32/32 MP: 9/15
  2209 | Sewer    | Learned a level 4 spell: Sticky Flame
  2330 | Sewer    | Reached skill level 5 in Spellcasting
  2559 | D:3      | Noticed Terence
  2654 | D:3      | Killed Terence
  2917 | D:3      | Reached skill level 5 in Fire Magic
  3143 | D:3      | Noticed Robin
  3151 | D:3      | Killed Robin
  3177 | D:3      | Learned a level 5 spell: Fireball
  3636 | D:3      | You fall into a shaft and drop 1 floor!
  3670 | D:4      | Reached skill level 5 in Dodging
  3670 | D:4      | Reached XP level 7. HP: 36/36 MP: 11/17
  4225 | D:4      | Reached skill level 1 in Fighting
  4588 | D:5      | Entered Level 5 of the Dungeon
  4741 | D:5      | Noticed Dowan
  4744 | D:5      | Noticed Duvessa
  4745 | D:5      | Killed Dowan
  4745 | D:5      | Reached XP level 8. HP: 43/43 MP: 14/19
  4759 | D:5      | Killed Duvessa
  4759 | D:5      | Reached skill level 6 in Dodging
  4759 | D:5      | Reached skill level 5 in Conjurations
  4875 | D:5      | Found Lioluexa's Antique Weapon Boutique.
  4892 | D:5      | Found a sand-covered staircase.
  4952 | D:5      | Noticed Sigmund
  4987 | D:5      | Killed Sigmund
  5696 | D:5      | Noticed Grinder
  5713 | D:5      | Killed Grinder
  6018 | D:6      | Reached skill level 7 in Dodging
  6196 | D:6      | Learned a level 4 spell: Hailstorm
  6228 | D:6      | Reached XP level 9. HP: 50/50 MP: 6/22
  6483 | D:6      | Found a blossoming altar of Fedhas.
  6489 | D:6      | Found a faded altar of an unknown god.
  6489 | D:6      | Found an ornate altar of the Wu Jian Council.
  6498 | D:6      | Found a stormy altar of Qazlal.
  6684 | D:6      | Reached skill level 1 in Ice Magic
  6898 | D:6      | Identified 2 scrolls of acquirement
  6901 | D:6      | Identified the Almanac of Air and Transmigration (You
                  | acquired it on level 6 of the Dungeon)
  6901 | D:6      | Identified the +1 helmet of Wasted Space {*Corrode +Fly
                  | Int+2 Stlth+} (You acquired it on level 6 of the Dungeon)
  6905 | D:6      | Identified the ring "Uvoskez" {MP+9 Int+3 Dex+6} (You
                  | acquired it on level 6 of the Dungeon)
  7076 | D:6      | Found a faded altar of an unknown god.
  7078 | D:6      | Found a snail-covered altar of Cheibriados.
  7079 | D:6      | Found a glowing golden altar of the Shining One.
  7720 | D:7      | Reached skill level 8 in Dodging
  7805 | D:7      | Noticed Joseph
  8101 | D:7      | Killed Joseph
  8212 | D:7      | Found a staircase to the Ecumenical Temple.
  8233 | Temple   | Entered the Ecumenical Temple
  8295 | Temple   | Became a worshipper of Vehumet
  8712 | D:8      | Noticed Psyche
  8716 | D:8      | Killed Psyche
  8716 | D:8      | Reached XP level 10. HP: 57/58 MP: 14/25
  9006 | D:8      | Found a burning altar of Makhleb.
  9021 | D:8      | Noticed a two-headed ogre
  9030 | D:8      | Killed a two-headed ogre
  9375 | D:8      | Noticed Pikel
  9375 | D:8      | Noticed Prince Ribbit
  9378 | D:8      | Killed Prince Ribbit
  9378 | D:8      | Reached skill level 9 in Dodging
  9378 | D:8      | Killed Pikel
  9378 | D:8      | Reached * piety under Vehumet
  9378 | D:8      | Offered knowledge of Magic Dart by Vehumet.
  9378 | D:8      | Reached skill level 5 in Fighting
  9555 | D:8      | Reached skill level 10 in Spellcasting
 10289 | D:9      | Reached XP level 11. HP: 57/64 MP: 1/27
 10906 | D:10     | Entered Level 10 of the Dungeon
 11056 | D:10     | Offered knowledge of Searing Ray by Vehumet.
 11058 | D:10     | Reached ** piety under Vehumet
 11105 | D:10     | Noticed a purple ugly thing
 11249 | D:10     | Killed a purple ugly thing
 11337 | D:10     | Found a staircase to the Orcish Mines.
 11667 | D:10     | Offered knowledge of Static Discharge by Vehumet.
 12099 | D:10     | Reached *** piety under Vehumet
 12099 | D:10     | Reached skill level 10 in Dodging
 12421 | D:11     | Noticed a two-headed ogre
 12431 | D:11     | Killed a two-headed ogre
 12457 | D:11     | Noticed a two-headed ogre
 12463 | D:11     | Killed a two-headed ogre
 12502 | D:11     | Noticed a two-headed ogre
 12511 | D:11     | Killed a two-headed ogre
 12654 | D:11     | Got a pair of jewelled boots
 12655 | D:11     | Identified the +4 pair of boots "Lurch" {Str+2 Stlth+} (You
                  | found it on level 11 of the Dungeon)
 12699 | D:11     | Found a staircase to the Lair.
 12732 | D:11     | Offered knowledge of Ignite Poison by Vehumet.
 12732 | D:11     | Reached skill level 10 in Fire Magic
 12889 | D:11     | Noticed a hell beast
 12890 | D:11     | Found an ancient bone altar of Kikubaaqudgha.
 12911 | D:11     | Killed a hell beast
 13249 | D:11     | Found a hide-covered altar of Uskayaw.
 13307 | D:11     | Reached **** piety under Vehumet
 13576 | D:11     | Reached XP level 12. HP: 71/71 MP: 27/29
 13581 | D:11     | Learned a level 3 spell: Ignite Poison
 13592 | D:11     | Reached skill level 11 in Dodging
 13874 | D:12     | Noticed a four-headed hydra
 13885 | D:12     | Killed a four-headed hydra
 13885 | D:12     | Reached skill level 10 in Conjurations
 14054 | D:11     | Offered knowledge of Fulminant Prism by Vehumet.
 14327 | D:12     | Got a polished cloak
 14490 | D:11     | Identified the +5 cloak "Kojun" {rN+ SInv} (You found it on
                  | level 12 of the Dungeon)
 14836 | D:12     | Got a scintillating silver ring
 14844 | D:12     | Identified the ring "Emire" {rN+ MP+9} (You found it on
                  | level 12 of the Dungeon)
 15740 | D:6      | Got a crude dagger
 15741 | D:6      | Identified the cursed +1 dagger of Wextecs {venom, rF+}
                  | (You found it on level 6 of the Dungeon)
 15942 | Lair:1   | Entered Level 1 of the Lair of Beasts
 16067 | Lair:1   | Noticed a four-headed hydra
 16071 | Lair:1   | Killed a four-headed hydra
 16071 | Lair:1   | Reached skill level 12 in Dodging
 17167 | Lair:2   | Reached XP level 13. HP: 62/78 MP: 32/32
 17224 | Lair:2   | Found a staircase to the Snake Pit.
 17404 | Lair:2   | Reached ***** piety under Vehumet
 17404 | Lair:2   | Offered knowledge of Iron Shot by Vehumet.
 17552 | Lair:2   | Found a staircase to the Swamp.
 17584 | Lair:2   | Learned a level 6 spell: Iron Shot
 17931 | Lair:2   | Reached skill level 1 in Earth Magic
 18277 | Lair:3   | Noticed Fannar
 18449 | Lair:3   | Killed Fannar
 18705 | Lair:3   | Noticed Sonja
 18710 | Lair:3   | Killed Sonja
 19945 | Lair:4   | Reached skill level 5 in Stealth
 20559 | Lair:4   | You fall into a shaft and drop 2 floors!
 20559 | Lair:6   | Entered Level 6 of the Lair of Beasts
 20759 | Lair:5   | Reached skill level 13 in Dodging
 21163 | Lair:6   | Found a frozen archway.
 21164 | Lair:6   | Reached XP level 14. HP: 84/84 MP: 30/34
 21187 | IceCv    | Entered an ice cave
 21759 | IceCv    | Got transparent ice dragon scales
 21771 | IceCv    | Got a translucent flail
 21795 | IceCv    | Identified the cursed +1 flail "Ukiom" {vorpal, Fragile
                  | rF++ Str+2 Int+3} (You found it in an ice cave)
 21810 | IceCv    | Identified the +5 ice dragon scales of the Armoured One
                  | {rF- rC++ MR+ Dex+3} (You found it in an ice cave)
 22194 | Lair:5   | Found a runed translucent door.
 22194 | Lair:5   | Found a viscous altar of Jiyva.
 22199 | Lair:5   | Found a staircase to the Slime Pits.
 22211 | Lair:5   | Noticed Snorg
 22218 | Lair:5   | Killed Snorg
 22218 | Lair:5   | Reached skill level 5 in Earth Magic
 22383 | Lair:5   | Found a white marble altar of Elyvilon.
 22533 | Lair:5   | Found a stormy altar of Qazlal.
 23052 | Lair:6   | Learned a level 4 spell: Passage of Golubria
 23238 | Lair:6   | Identified the Collected Works on Enthralling Intoxication
 23715 | Lair:6   | Got a warped chain mail
 23720 | Lair:6   | Identified the +8 chain mail of the Blue Skies {rElec MR-
                  | Str+2 Int+4} (You found it on level 6 of the Lair of
                  | Beasts)
 23763 | Lair:6   | Reached skill level 1 in Translocations
 23811 | Lair:6   | Got a warped spear
 24820 | D:13     | Reached ****** piety under Vehumet
 24821 | D:13     | Offered knowledge of Ozocubu's Refrigeration by Vehumet.
 25056 | D:13     | Paralysed by a wizard for 5 turns
 25246 | D:13     | Identified the +7 spear of the Swamp {freeze, rC- rN+ MR+
                  | Dex+8} (You found it on level 6 of the Lair of Beasts)
 25260 | D:13     | Found a gate to the Vaults.
 25316 | D:13     | Reached skill level 14 in Dodging
 25398 | D:13     | Found Xajise's Distillery.
 25481 | D:13     | Noticed Rupert
 25485 | D:13     | Paralysed by Rupert for 6 turns
 25495 | D:13     | Killed Rupert
 25802 | D:14     | Found a transporter.
 25802 | D:14     | Noticed Perturabo's ghost (journeyman GrFi)
 25808 | D:14     | Found a transporter.
 25837 | D:14     | Reached XP level 15. HP: 59/88 MP: 25/35
 26231 | D:14     | Noticed Azrael
 26242 | D:14     | Killed Azrael
 26468 | D:14     | Killed Perturabo's ghost
 26798 | D:14     | Reached skill level 5 in Translocations
 27030 | D:14     | Found a shadowy altar of Dithmenos.
 27174 | D:15     | Entered Level 15 of the Dungeon
 27268 | D:15     | Reached skill level 1 in Shields
 27442 | D:15     | Offered knowledge of Starburst by Vehumet.
 27450 | D:15     | Learned a level 6 spell: Starburst
 27788 | D:15     | Found a staircase to the Depths.
 27939 | D:10     | Upgraded the game from 0.25-a0-424-g80bd347ae0 to
                  | 0.25-a0-435-g4b9beb1024
 27940 | Orc:1    | Entered Level 1 of the Orcish Mines
 27973 | Orc:1    | Found Isuoniemp's Magic Scroll Shoppe.
 27982 | Orc:1    | Bought a scroll of identify for 36 gold pieces
 27982 | Orc:1    | Bought a scroll of identify for 36 gold pieces
 27985 | Orc:1    | Bought 3 scrolls of identify for 108 gold pieces
 28465 | Orc:2    | Entered Level 2 of the Orcish Mines
 28468 | Orc:2    | Found Tam Weih's Distillery.
 28481 | Orc:2    | Paralysed by an ogre mage for 4 turns
 28669 | Orc:2    | Found Mucudoym's General Store.
 28669 | Orc:2    | Noticed Saint Roka
 28674 | Orc:1    | Reached skill level 10 in Earth Magic
 28761 | Orc:2    | Found Heymis's Assorted Antiques.
 28781 | Orc:1    | Killed Saint Roka
 29118 | Orc:2    | Offered knowledge of Bolt of Magma by Vehumet.
 29284 | Orc:2    | Noticed an orc warlord
 29469 | Orc:2    | Noticed Nergalle
 29615 | Orc:2    | Killed Nergalle
 29618 | Orc:2    | Found a roughly hewn altar of Beogh.
 29627 | Orc:2    | Killed an orc warlord
 29627 | Orc:2    | Reached XP level 16. HP: 72/96 MP: 8/36
 29772 | Orc:2    | Found Wucyinn's Antique Weapon Shoppe.
 29779 | Orc:2    | Found Uttuiv's Antique Armour Shoppe.
 29863 | Orc:2    | Found Xukuzy's Jewellery Shoppe.
 29868 | Orc:2    | Found a staircase to the Elven Halls.
 29943 | Orc:2    | Bought a pair of smoking gloves for 313 gold pieces
 29943 | Orc:2    | Identified the +1 pair of gloves of the Ban {rPois rN+
                  | Slay-3} (You bought it in a shop on level 2 of the Orcish
                  | Mines)
 29962 | Orc:2    | Found a roughly hewn altar of Beogh.
 29977 | Orc:2    | Found Ylerph's Antique Armour Shoppe.
 29984 | Orc:2    | Found Lickic's Weapon Shoppe.
 30204 | Orc:2    | Found Daitecil's General Store.
 30243 | Orc:2    | Bought a scroll of identify for 48 gold pieces
 30243 | Orc:2    | Bought a paperback book for 360 gold pieces
 30248 | Orc:2    | Bought a potion of heal wounds for 75 gold pieces
 30296 | Orc:2    | Found Nipime's Weapon Shoppe.
 30568 | Orc:2    | Found Daxtebigh's Magic Scroll Emporium.
 30576 | Orc:2    | Bought a scroll of acquirement for 624 gold pieces
 30608 | Orc:2    | Identified the ring "Geutrae" {+Fly rElec rCorr Str-4
                  | Int+4} (You acquired it on level 2 of the Orcish Mines)
 30762 | Swamp:1  | Entered Level 1 of the Swamp
 30770 | Swamp:1  | Reached skill level 15 in Dodging
 31467 | Swamp:1  | Noticed Roxanne
 31978 | Swamp:1  | Killed Roxanne
 31978 | Swamp:1  | Offered knowledge of Orb of Destruction by Vehumet.
 31990 | Swamp:1  | Learned a level 7 spell: Orb of Destruction
 33334 | Swamp:3  | Reached skill level 15 in Spellcasting
 34004 | Swamp:3  | Identified the +3 shield of Ceomp {Regen+ Int-4 Dex+4}
 34004 | Swamp:3  | Noticed Donald
 34005 | Swamp:3  | Offered knowledge of Spellforged Servitor by Vehumet.
 34007 | Swamp:3  | Killed Donald
 34650 | Swamp:4  | Entered Level 4 of the Swamp
 34653 | Swamp:4  | Noticed Nikola
 34659 | Swamp:4  | Killed Nikola
 34664 | Swamp:4  | Reached XP level 17. HP: 93/101 MP: 10/38
 34833 | Swamp:4  | Reached skill level 10 in Fighting
 34974 | Swamp:4  | Reached skill level 15 in Fire Magic
 34978 | Swamp:4  | Reached skill level 16 in Dodging
 36636 | Swamp:4  | Got a decaying rune of Zot
 37082 | Snake:1  | Entered Level 1 of the Snake Pit
 37084 | Snake:1  | Offered knowledge of Ozocubu's Refrigeration by Vehumet.
 37084 | Snake:1  | Reached skill level 15 in Conjurations
 37460 | Snake:1  | Found Sasivan's Weapon Shoppe.
 38443 | Snake:2  | Found Loffaotin's Magic Scroll Boutique.
 38444 | Snake:2  | Found Vifut's Gadget Boutique.
 38444 | Snake:2  | Found Caseitzuph's Gadget Shop.
 38447 | Snake:2  | Found Housmiaso's General Store.
 38570 | Snake:2  | Identified the +5 spear of False Accusations {flame, rPois
                  | rN+++ Str-5 Int+7} (You acquired it on level 2 of the Snake
                  | Pit)
 38570 | Snake:2  | Identified the ring of the Evening {rElec MR+ MP+9 Dex+5}
                  | (You acquired it on level 2 of the Snake Pit)
 38584 | Snake:2  | Bought a phantom mirror for 570 gold pieces
 38587 | Snake:2  | Bought an uncursed ring of resist corrosion for 340 gold
                  | pieces
 39106 | Snake:2  | Reached XP level 18. HP: 108/108 MP: 21/40
 39955 | Snake:3  | Offered knowledge of Lehudib's Crystal Spear by Vehumet.
 39955 | Snake:3  | Offered knowledge of Fire Storm by Vehumet.
 39955 | Snake:3  | Offered knowledge of Glaciate by Vehumet.
 40387 | Snake:4  | Entered Level 4 of the Snake Pit
 40945 | Snake:4  | Reached skill level 17 in Dodging
 42411 | Snake:4  | Got a warped scale mail
 42419 | Snake:4  | Identified the cursed +0 scale mail of Defiance {rElec
                  | Str+4 Dex-2 Stlth+} (You found it on level 4 of the Snake
                  | Pit)
 43107 | Snake:4  | Got a serpentine rune of Zot
 43439 | Vaults:1 | Entered Level 1 of the Vaults
 43590 | Vaults:1 | Reached XP level 19. HP: 115/115 MP: 41/41
 43986 | Vaults:1 | Learned a level 9 spell: Fire Storm
 43999 | Vaults:1 | Learned a level 8 spell: Lehudib's Crystal Spear
 45067 | Vaults:1 | Reached skill level 18 in Dodging
 45082 | Vaults:1 | Found Qaluwn's Antique Weapon Boutique.
 45653 | Vaults:2 | Found a staircase to the Crypt.
 46184 | Vaults:2 | Identified the +0 pair of gloves of Autumn {Regen+ Int+5}
                  | (You acquired it on level 2 of the Vaults)
 46939 | Vaults:3 | Noticed Asterion
 47293 | Vaults:3 | Reached XP level 20. HP: 120/120 MP: 36/43
 47665 | Vaults:3 | Reached skill level 19 in Dodging
 47676 | Vaults:3 | Found Biemiok's Distillery.
 47833 | Vaults:3 | Killed Asterion
 47947 | Vaults:3 | Bought a potion of heal wounds for 95 gold pieces
 47987 | Vaults:3 | Found a runed translucent door.
 47988 | Vaults:3 | Noticed PeterQ's ghost (adept GnGl)
 48014 | Vaults:3 | Killed PeterQ's ghost
 49685 | Vaults:4 | Paralysed by a sphinx for 6 turns
 49995 | Vaults:4 | Found Ygain's Armour Shop.
 50094 | Vaults:4 | Reached skill level 20 in Dodging
 50523 | Vaults:4 | Found Neodoki's Book Shoppe.
 50532 | Vaults:4 | Found Qosoc's Antique Weapon Shop.
 51186 | Elf:1    | Entered Level 1 of the Elven Halls
 51233 | Elf:1    | Found a runed translucent door.
 51236 | Elf:1    | Found a shimmering altar of Xom.
 51236 | Elf:1    | Noticed Ducki's ghost (adept DDFi)
 51239 | Elf:1    | Identified the +8 morningstar "Xybrigol" {chaos, Int+2}
 51551 | Elf:1    | Identified the Papyrus of Conjuration
 51749 | Elf:1    | Killed Ducki's ghost
 51749 | Elf:1    | Reached XP level 21. HP: 104/125 MP: 5/44
 52352 | Elf:2    | Found Orgheatz's Armour Shop.
 52358 | Elf:2    | Cast into level 2 of the Abyss (+0 scimitar of distortion)
 52628 | Abyss:2  | Got a coiled bronze ring
 52629 | Abyss:2  | Identified the ring of Qyfrof {Fire rElec} (You found it on
                  | level 2 of the Abyss)
 52726 | Abyss:2  | Found a corrupted altar of Lugonu.
 52734 | Abyss:2  | Found an iron altar of Okawaru.
 52803 | Abyss:2  | Gained mutation: You occasionally shout uncontrollably at
                  | your foes. [a neqoxec]
 52988 | Abyss:3  | Found a transporter.
 52993 | Abyss:3  | Found a transporter.
 52994 | Abyss:3  | Found a corrupted altar of Lugonu.
 53016 | Abyss:3  | Got a slimy mace
 53017 | Abyss:3  | Identified the +3 mace of Cocytus {venom, +Blink} (You
                  | found it on level 3 of the Abyss)
 53202 | Elf:2    | Escaped the Abyss
 53206 | Elf:2    | Found Qicot's General Store.
 53211 | Elf:2    | Noticed Aizul
 53716 | Elf:2    | Found a runed translucent gate.
 53716 | Elf:2    | Found a runed translucent gate.
 53717 | Elf:2    | Found a runed translucent gate.
 53760 | Elf:2    | Killed Aizul
 54157 | Elf:2    | Found Efoemie's Weapon Shoppe.
 54302 | Elf:2    | Found Viamuuv's Food Emporium.
 54306 | Elf:2    | Bought a ration for 65 gold pieces
 54306 | Elf:2    | Bought a ration for 65 gold pieces
 54306 | Elf:2    | Bought a ration for 65 gold pieces
 54306 | Elf:2    | Bought a ration for 65 gold pieces
 54306 | Elf:2    | Bought a ration for 65 gold pieces
 54807 | Elf:2    | Found Ibil's Jewellery Shoppe.
 54951 | Elf:2    | Found a runed translucent gate.
 54952 | Elf:2    | Found a runed translucent gate.
 54953 | Elf:2    | Found a runed translucent gate.
 54983 | Elf:2    | Noticed Mouclizon's ghost (veteran MiFi)
 55134 | Elf:2    | Killed Mouclizon's ghost
 55353 | Elf:2    | Got a dazzling cloak
 55354 | Elf:2    | Identified the -7 cloak "Japaomp" {Dex+4} (You found it on
                  | level 2 of the Elven Halls)
 55557 | Elf:3    | Entered Level 3 of the Elven Halls
 55613 | Elf:3    | Got a brightly glowing hat
 55614 | Elf:3    | Identified the +2 hat of Oblivion {rPois rF++} (You found
                  | it on level 3 of the Elven Halls)
 55635 | Elf:3    | Reached skill level 21 in Dodging
 56280 | Elf:3    | Identified the +6 falchion of Hubris {freeze, MP+9 Str+2
                  | Dex+4}
 56294 | Elf:3    | Identified the ring "Vozxaus" {rC+ AC+2 SInv}
 56312 | Elf:3    | Reached XP level 22. HP: 115/129 MP: 31/46
 56369 | Elf:3    | Identified the amulet of Poufririkh {Gourm rC+ Stlth+}
 56382 | Elf:3    | Identified the +8 dagger of Welfare {flame, +Inv rF+ MR+
                  | SInv}
 56382 | Elf:3    | Identified the ring of Serendipity {rPois rN++}
 56575 | Elf:3    | Found the ring of Phasing {EV+8}
 56578 | Elf:3    | Got encrusted quicksilver dragon scales
 56579 | Elf:3    | Identified the cursed quicksilver dragon scales of the
                  | Desolation of Salt {*Drain rPois rF++ MR+ SInv} (You found
                  | it on level 3 of the Elven Halls)
 56584 | Elf:3    | Got a crude marble ring
 56587 | Elf:3    | Identified the ring "Reze Itah" {Fire Str-5 Int+7} (You
                  | found it on level 3 of the Elven Halls)
 56667 | Elf:3    | Found the +9 heavy crossbow "Sniper" {vorpal, Acc+∞ SInv}
 56685 | Elf:3    | Got a twitching sapphire amulet
 56687 | Elf:3    | Identified the amulet "Ruibub" {Gourm +Blink rN+ Dex-5}
                  | (You found it on level 3 of the Elven Halls)
 56712 | Elf:3    | Got a crude dagger
 56714 | Elf:3    | Identified the +4 dagger "Hemn" {vorpal, rElec rN+ Int+2}
                  | (You found it on level 3 of the Elven Halls)
 56760 | Elf:3    | Identified the +1 pair of gloves of the Great Game {Str+2
                  | Int+3} (You acquired it on level 3 of the Elven Halls)
 57348 | Elf:3    | Upgraded the game from 0.25-a0-435-g4b9beb1024 to
                  | 0.25-a0-443-gece2dee8bd
 57751 | Depths:1 | Entered Level 1 of the Depths
 58324 | Depths:1 | You fall into a shaft and drop 1 floor!
 59452 | Depths:2 | Found a one-way gate leading to the halls of Pandemonium.
 59481 | Depths:2 | Found a runed translucent door.
 59483 | Depths:2 | Noticed Viruaf's ghost (veteran GnWz)
 59490 | Depths:2 | Killed Viruaf's ghost
 59549 | Depths:2 | Found a runed translucent door.
 59549 | Depths:2 | Noticed Usmir's ghost (master KoEn)
 59549 | Depths:2 | Noticed a golden dragon
 59558 | Depths:2 | Killed a golden dragon
 59560 | Depths:2 | Killed Usmir's ghost
 59566 | Depths:2 | Found a runed translucent door.
 59567 | Depths:2 | Noticed Avadwis's ghost (veteran GnWz)
 59656 | Depths:2 | Reached skill level 22 in Dodging
 59775 | Depths:2 | Found a gateway to Hell.
 59873 | Depths:2 | Killed Avadwis's ghost
 60290 | Depths:1 | Reached XP level 23. HP: 135/135 MP: 43/48
 60376 | Depths:1 | Found a gateway to a ziggurat.
 60668 | Depths:1 | Identified the Reference Book on Orientation
 61152 | Depths:3 | Found a one-way gate to the infinite horrors of the Abyss.
 61160 | Depths:3 | Found Amocot's Jewellery Shop.
 61160 | Depths:3 | Found Ycuo's Gadget Shoppe.
 61161 | Depths:3 | Found Rogrithru's Gadget Shoppe.
 61275 | Depths:3 | Noticed the Enchantress
 61276 | Depths:3 | Killed the Enchantress
 61620 | Depths:3 | Found a flickering gateway to a bazaar.
 61738 | Bazaar   | Entered a bazaar
 61739 | Bazaar   | Found Zoaruc's Magic Scroll Emporium.
 61739 | Bazaar   | Found Tazin's Distillery.
 61740 | Bazaar   | Found Diuwuimo's Armour Shop.
 61746 | Bazaar   | Bought a scroll of teleportation for 42 gold pieces
 61746 | Bazaar   | Bought a scroll of teleportation for 42 gold pieces
 61748 | Bazaar   | Bought a scroll of fear for 49 gold pieces
 61770 | Bazaar   | Bought a potion of heal wounds for 35 gold pieces
 61773 | Bazaar   | Found Voisunga's General Store.
 62211 | Depths:4 | Cast into level 4 of the Abyss (a lich)
 62605 | Depths:4 | Escaped the Abyss
 63701 | Depths:4 | Paralysed by a great orb of eyes for 7 turns
 64177 | Depths:4 | Identified the +8 spear "Rovaape" {freeze, Int+5}
 64270 | Depths:4 | Reached skill level 23 in Dodging
 64273 | Depths:4 | Reached XP level 24. HP: 144/144 MP: 48/48
 64407 | Depths:5 | Entered Level 5 of the Depths
 64535 | Depths:4 | Upgraded the game from 0.25-a0-443-gece2dee8bd to
                  | 0.25-a0-458-g6fc7858b95
 64607 | Depths:5 | Found a magical portal.
 65225 | WizLab   | Found a burning altar of Makhleb.
 65246 | WizLab   | Got a scintillating bone ring
 65247 | WizLab   | Identified the ring of Adghaon {Wiz rPois Str-5 Dex+6} (You
                  | found it in a wizard's laboratory)
 65279 | WizLab   | Identified the +3 buckler "Geup" {+Inv rPois rC+ Int-2}
                  | (You acquired it in a wizard's laboratory)
 65283 | WizLab   | Identified the Handbook of Summoning
 66732 | Depths:5 | Found Ymufoxes's Magic Scroll Boutique.
 67150 | Depths:5 | Identified the Compendium of Space (You acquired it on
                  | level 5 of the Depths)
 67150 | Depths:5 | Identified the amulet "Mami" {RegenMP rElec rN+ Stlth+}
                  | (You acquired it on level 5 of the Depths)
 67413 | Depths:5 | Found a gate to the Realm of Zot.
 68254 | Slime:1  | Entered Level 1 of the Pits of Slime
 69104 | Slime:2  | HP: 6/147 [acid (8)]
 70137 | Slime:2  | Reached skill level 24 in Dodging
 70137 | Slime:2  | Reached XP level 25. HP: 93/152 MP: 46/48
 70721 | Slime:1  | Gained mutation: Scrolls take you a little longer to read.
                  | [a shining eye]
 70722 | Slime:1  | Gained mutation: You are occasionally teleported next to
                  | monsters. [a shining eye]
 71431 | Slime:2  | Gained mutation: Armour fits poorly on your strangely
                  | shaped body. [a shining eye]
 73320 | Slime:5  | Entered Level 5 of the Pits of Slime
 73322 | Slime:5  | Noticed Dissolution
 73325 | Slime:5  | Killed Dissolution
 73652 | Slime:5  | Noticed the Royal Jelly
 73656 | Slime:5  | Killed the Royal Jelly
 73666 | Slime:4  | HP: 3/153 [acid (8)]
 73666 | Slime:4  | Killed from afar by an acid blob

Levels and vault maps discovered:
D:1:      lemuel_arrival_broad_hall, layout_loops_cross
D:2:      layout_rooms, old_standard_altar, minitemple, uniq_crazy_yiuf_cottage,
          uniq_natasha
D:3:      layout_loops_corners, portal_sewer_entry_e,
          minmay_goblin_kobold_house, uniq_robin, uniq_terence
D:4:      layout_basic
D:5:      layout_basic, first_ration, serial_shops, nicolae_shop_trees,
          nicolae_ossuary_entry_monument, uniq_sigmund, uniq_duvessa,
          uniq_grinder
D:6:      minmay_octagon_keep, layout_loops_cross,
          chequers_temple_overflow_minitemple, lemuel_crystal_altar,
          fedhas_ov_isle_minmay
D:7:      layout_basic, minmay_temple_entry_sparse_star, uniq_joseph
D:8:      layout_cave_pools, lemuel_doored_altar, corexii_checkpoint_a,
          uniq_prince_ribbit1, uniq_pikel, uniq_psyche
D:9:      minmay_general_purpose_star, layout_irregular_city, grunt_ogre_cave,
          minmay_misc_feat_cross
D:10:     layout_basic, zombieorc2_lemuel, minmay_misc_feat_room
D:11:     layout_small_grid, erik_lair_island, basic_altar, lemuel_hellish_altar
D:12:     layout_basic, minmay_mirror_moons_of_madness
D:13:     layout_irregular_city, grunt_vaults_entry_tiered, serial_shops, shop,
          serial_column_ruins, column_ruins_square_medium,
          column_ruins_open_medium, column_ruins_open_small,
          column_ruins_grid_1, column_ruins_columns_corner,
          column_ruins_open_tiny, column_ruins_open_tiny,
          column_ruins_open_tiny, uniq_rupert
D:14:     layout_long_grid, grunt_dithmenos_shadows, gammafunk_ghost_smash,
          minmay_puff, uniq_azrael
D:15:     grunt_enter_depths_magical_seal, layout_gridville, glass_columns_b,
          minmay_misc_feat_tower
Temple:   jpeg_temple_clearing
Lair:1:   layout_regular_city, infiniplex_staircase_pool_2, grunt_megastairs_4,
          serial_bayou_shore_a
Lair:2:   layout_long_grid, minmay_swamp_entry_swarm,
          minmay_snake_entry_guardpost_small, kennysheep_abandoned_house,
          minmay_lair_oklob_chamber, serial_bayou_shore_b, grunt_megastairs_1
Lair:3:   layout_roguey, uniq_fannar, uniq_sonja
Lair:4:   layout_cave_pods, worms_lemuel
Lair:5:   layout_gridlike, slime_altar_2, basic_altar,
          chequers_serial_rivers_small_a, lemuel_altar_in_water2, uniq_snorg
Lair:6:   due_jungle_book, layout_regular_city,
          portal_ice_cave_entry_ice_beasts, enter_volcano_2,
          infiniplex_staircase_pool
Swamp:1:  layout_basic_swamp, nicolae_swamp_trees_clearing, uniq_roxanne
Swamp:2:  layout_basic_swamp, nicolae_swamp_dense_foliage
Swamp:3:  layout_falls_marsh, hangedman_swamp_cone, uniq_donald
Swamp:4:  swamp_basic_johnstein, layout_basic_swamp, swamp_pool3, uniq_nikola
Snake:1:  layout_onion, serial_shops, shop, lemuel_fruit_tree
Snake:2:  layout_layer_cave, special_room, grunt_megastairs_3, minmay_shoptagon
Snake:3:  layout_grid_maze
Snake:4:  grunt_snake_rune_pools, layout_misc_corridors
Slime:1:  layout_caves
Slime:2:  layout_caves, nicolae_slime_welcoming_committee
Slime:3:  layout_caves
Slime:4:  layout_caves
Slime:5:  uniq_dissolution
Orc:1:    layout_caves, serial_shops, nicolae_shop_statue_plus
Orc:2:    grunt_orc_cross, layout_caves, basic_altar, serial_shops, shop,
          nicolae_shop_behind_doors, shop, shop_fountains, nicolae_shop_trees,
          guppyfry_orc_lava_fort, uniq_saint_roka
Elf:1:    layout_gridlike, ebering_ghost_xom, minmay_elf_annihilation
Elf:2:    layout_geoelf_diagonals, gammafunk_ghost_tricky_traps, serial_shops,
          shop_coins, shop, shop, shop, nicolae_shop_behind_doors, uniq_aizul
Elf:3:    minmay_elf_hall_furrowed, layout_geoelf_octagon
Vaults:1: grunt_vaults_hallway_long, nicolae_vaults_network_quinsquares
          [nicolae_vaults_network_quincunx_subvault,
          nicolae_vaults_network_quincunx_subvault,
          nicolae_vaults_network_quincunx_subvault,
          nicolae_vaults_network_quincunx_subvault],
          nicolae_vaults_little_squares_4, ontoclasm_vaults_ring_square,
          vaults_room_stairs_pillars, nicolae_vaults_ring_of_whatevers,
          nicolae_vaults_hallways_thing, v_rooms_6, nicolae_vaults_angled_halls,
          layout_vaults_big_cross, serial_shops, shop
Vaults:2: ontoclasm_vaults_hangar, vaults_dpeg_hooks, v_rooms_4,
          ontoclasm_vaults_fire_temple, hangedman_vaults_stagger,
          v_alt_pattern_5, ontoclasm_vaults_loading_screen, vaults_dpeg_ring,
          layout_vaults_quadrants
Vaults:3: ebering_vaults_ghost_inner_flame, vaults_mumra_lcd, sword_in_stone,
          vaults_dpeg_diagonal, v_misc_27, nicolae_vaults_little_squares_2,
          v_pattern_4, v_misc_14, nicolae_vaults_mini_display_case,
          layout_vaults_big_room, serial_shops, shop
Vaults:4: hangedman_vaults_stream, vaults_mumra_hex,
          nicolae_vaults_three_branches, v_misc_16, v_alt_pattern_3,
          vaults_room_hallway, vaults_mumra_minichess,
          vaults_room_hangedman_quadrants, hangedman_vaults_capsules,
          nicolae_vaults_specimen_jars, v_misc_14, hangedman_vaults_nails,
          vaults_dpeg_spiral, grunt_vaults_hallway_long,
          grunt_vaults_hallway_short, layout_vaults_ring, serial_shops,
          nicolae_shop_crystal, shop, shop_coins
Depths:1: layout_cave_pools, enter_ziggurat_a, hell_entry, serial_glass,
          glass_columns_b, glass_columns_b, hangedman_research_quantum
Depths:2: minmay_inner_zag, layout_cave_pools, minmay_misc_feat_chi, pan_entry,
          muffindrake_ghost_three_little_ghosts, pf_coc_iceberg,
          dk_noncrumbling_4, nrook_kobold_shadow_demons
Depths:3: grunt_forest_end_winery, layout_cave_pools, abyss_entry,
          grunt_pan_entry_sceptre, hell_entry, serial_shops, bzr_entry_lakeside,
          minmay_shop_grove, minmay_staircase_windowed_large
Depths:4: minmay_expanding_circles, layout_small_grid, hangedman_decor_opposing,
          marbit_kobold_abyss_entry, grunt_hell_entry_demonic_statue,
          statue_in_the_mist_lemuel, nicolae_twisting_strands,
          hangedman_abyss_or_decor_lesser_grid
Depths:5: grunt_zot_entry_gee_three, layout_cave_shapes,
          grunt_hell_entry_dis_old, infiniplex_enter_wizlab_spiral,
          serial_shops, nicolae_shop_crystal, minmay_misc_feat_rugged,
          serial_bayou_shore_b

Skill      XL: |  1  2  3  4  5  6  7  8  9 10 11 12 13 14 15 16 17 18 19 20 21 22 23 24 25 |
---------------+----------------------------------------------------------------------------+-----
Dodging        | 3 4 5 7 8 9 10 12 13 14 15 16 17 18 20 21 22 23 24 | 24.5
Conjurations   | 2 3 4 6 7 8 9 11 12 13 14 15 16 17 18 19 20 21 22 | 22.8
Fire Magic     | 4 5 6 8 9 10 11 12 13 14 15 16 17 19 20 21 22 23 | 23.0
Spellcasting   | 4 5 6 7 9 10 11 13 14 15 16 17 18 19 | 19.8
Fighting       | 1 3 4 5 6 7 8 9 10 11 12 13 14 | 14.5
Ice Magic      | 1 |  1.1
Stealth        | 6 7 9 |  9.8
Earth Magic    | 4 7 10 13 14 | 14.7
Translocations | 4 6 |  6.5
Shields        | 2 |  2.0

Action                   |  1- 3 |  4- 6 |  7- 9 | 10-12 | 13-15 | 16-18 | 19-21 | 22-24 | 25-27 || total
-------------------------+-------+-------+-------+-------+-------+-------+-------+-------+-------++-------
Melee: Dagger            |    13 |    24 |    26 |       |    58 |       |       |       |       ||   121
       Unarmed           |       |     6 |       |       |       |       |       |       |       ||     6
       Halberd           |       |       |    17 |    10 |       |       |       |       |       ||    27
       Trident           |       |       |       |    16 |       |       |       |       |       ||    16
       Flail             |       |       |       |       |    60 |    53 |    59 |       |       ||   172
       Spear             |       |       |       |       |       |       |       |    83 |       ||    83
       Staff             |       |       |       |       |       |       |       |     8 |       ||     8
       Quarterstaff      |       |       |       |       |       |       |       |     1 |     2 ||     3
 Cast: Foxfire           |    84 |   191 |   304 |   416 |   107 |    12 |    10 |       |       ||  1124
       Conjure Flame     |       |     3 |     7 |     4 |       |       |       |       |       ||    14
       Sticky Flame      |       |     1 |    11 |    64 |    62 |    54 |    35 |    19 |     6 ||   252
       Hailstorm         |       |       |     5 |    35 |       |     1 |       |       |       ||    41
       Fireball          |       |       |     9 |   103 |   435 |   619 |   451 |   240 |    94 ||  1951
       Iron Shot         |       |       |       |       |    43 |    70 |   131 |   170 |    15 ||   429
       Passage of Golubr |       |       |       |       |     7 |       |     6 |     2 |     1 ||    16
       Starburst         |       |       |       |       |    13 |     7 |    21 |     7 |       ||    48
       Orb of Destructio |       |       |       |       |       |     5 |    18 |    61 |    10 ||    94
       Fire Storm        |       |       |       |       |       |       |    15 |    58 |     6 ||    79
       Lehudib's Crystal |       |       |       |       |       |       |     7 |    21 |       ||    28
Evoke: Wand              |       |       |       |     3 |     1 |     2 |     5 |     3 |       ||    14
       Phial of floods   |       |       |       |       |     1 |     1 |     2 |     2 |       ||     6
       Phantom mirror    |       |       |       |       |     1 |       |       |       |       ||     1
       Lightning rod     |       |       |       |       |       |     4 |     4 |     5 |       ||    13
       Fan of gales      |       |       |       |       |       |     1 |       |       |       ||     1
  Use: Scroll            |     3 |     6 |    11 |    10 |    19 |    15 |    22 |    22 |     2 ||   110
       Potion            |       |       |       |       |     3 |     6 |     9 |     8 |     1 ||    27
 Stab: Confused          |       |     2 |       |       |       |       |       |       |       ||     2
  Eat: Chunk             |     1 |     8 |    15 |    27 |    24 |    13 |    35 |    28 |       ||   151
       Ration            |       |       |     1 |     2 |     5 |    10 |     4 |    13 |     3 ||    38
Armor: Robe              |     6 |    17 |    29 |    20 |    70 |    52 |    46 |    68 |     5 ||   313
Dodge: Dodged            |    16 |    48 |    93 |    90 |   293 |   260 |   245 |   447 |    35 ||  1527
       Deflected         |       |       |       |     1 |       |       |       |       |       ||     1
Block: Buckler           |       |       |       |       |     8 |    87 |   100 |   155 |       ||   350

Table legend:
 A = Non-vault XP
 B = Vault XP
 C = Vault XP percentage of total XP
 D = Non-vault monster count
 E = Vault monster count
 F = Vault count percentage of total count
                 A         B        C        D         E       F
            +---------+---------+-------+---------+---------+-------
      Total |  731322 |  506641 |  40.9 |    1608 |     761 |  32.1
            +---------+---------+-------+---------+---------+-------
        D:1 |      49 |       0 |   0.0 |      26 |       0 |   0.0
        D:2 |     146 |      76 |  34.2 |      23 |       2 |   8.0
        D:3 |     181 |      91 |  33.5 |      30 |      27 |  47.4
        D:4 |     618 |       0 |   0.0 |      30 |       0 |   0.0
        D:5 |     484 |     724 |  59.9 |      28 |       4 |  12.5
        D:6 |     529 |     366 |  40.9 |      16 |       7 |  30.4
        D:7 |    1357 |     460 |  25.3 |      17 |       1 |   5.6
        D:8 |    2110 |    1371 |  39.4 |      32 |       3 |   8.6
        D:9 |    2468 |     183 |   6.9 |      25 |       2 |   7.4
       D:10 |    1214 |     647 |  34.8 |      17 |      36 |  67.9
       D:11 |    7536 |    2686 |  26.3 |      44 |      16 |  26.7
       D:12 |    5706 |    3021 |  34.6 |      25 |       7 |  21.9
       D:13 |    5638 |   11043 |  66.2 |      37 |      26 |  41.3
       D:14 |    6341 |    9456 |  59.9 |      18 |      16 |  47.1
       D:15 |   16789 |    5687 |  25.3 |      33 |      12 |  26.7
     Lair:1 |    4937 |     147 |   2.9 |      20 |       1 |   4.8
     Lair:2 |    7184 |    3324 |  31.6 |      26 |      31 |  54.4
     Lair:3 |    4650 |    1793 |  27.8 |      20 |       2 |   9.1
     Lair:4 |    5792 |     655 |  10.2 |      21 |       3 |  12.5
     Lair:5 |    4536 |    1235 |  21.4 |      21 |       5 |  19.2
     Lair:6 |   15591 |    1939 |  11.1 |      36 |       9 |  20.0
    Swamp:1 |   12985 |    2147 |  14.2 |      36 |       1 |   2.7
    Swamp:2 |   14823 |       0 |   0.0 |      36 |       0 |   0.0
    Swamp:3 |   19369 |    2866 |  12.9 |      45 |       2 |   4.3
    Swamp:4 |   15638 |   25879 |  62.3 |      39 |      35 |  47.3
    Snake:1 |   23580 |       0 |   0.0 |      43 |       0 |   0.0
    Snake:2 |   11483 |    1939 |  14.4 |      18 |       4 |  18.2
    Snake:3 |   16327 |     470 |   2.8 |      32 |       1 |   3.0
    Snake:4 |   29912 |   34582 |  53.6 |      59 |      56 |  48.7
    Slime:1 |   23452 |       0 |   0.0 |      29 |       0 |   0.0
    Slime:2 |   26356 |     298 |   1.1 |      37 |       7 |  15.9
    Slime:3 |   18210 |       0 |   0.0 |      30 |       0 |   0.0
    Slime:4 |   17611 |       0 |   0.0 |      37 |       0 |   0.0
    Slime:5 |    1774 |   35993 |  95.3 |       5 |       6 |  54.5
      Orc:1 |    2585 |    6249 |  70.7 |      28 |       8 |  22.2
      Orc:2 |    2151 |   12806 |  85.6 |      37 |      50 |  57.5
      Elf:1 |    4890 |    8274 |  62.9 |       7 |       8 |  53.3
      Elf:2 |   20234 |   37766 |  65.1 |      33 |      42 |  56.0
      Elf:3 |   22998 |   48632 |  67.9 |      42 |      31 |  42.5
   Vaults:1 |   38220 |    3237 |   7.8 |      61 |      10 |  14.1
   Vaults:2 |   34068 |   16216 |  32.2 |      52 |      27 |  34.2
   Vaults:3 |   19879 |   21014 |  51.4 |      32 |      15 |  31.9
   Vaults:4 |   39405 |   32169 |  44.9 |      70 |      35 |  33.3
   Depths:1 |   32660 |    6063 |  15.7 |      52 |      11 |  17.5
   Depths:2 |   32087 |   37451 |  53.9 |      40 |      21 |  34.4
   Depths:3 |   27324 |   25927 |  48.7 |      30 |      26 |  46.4
   Depths:4 |   31268 |   50184 |  61.6 |      24 |      52 |  68.4
   Depths:5 |   67960 |   25873 |  27.6 |      58 |      18 |  23.7
    Abyss:2 |   12263 |       0 |   0.0 |      21 |       0 |   0.0
    Abyss:3 |    5461 |       0 |   0.0 |       8 |       0 |   0.0
    Abyss:4 |   12493 |     679 |   5.2 |      22 |       1 |   4.3
      Sewer |       0 |     151 | 100.0 |       0 |      40 | 100.0
      IceCv |       0 |    3239 | 100.0 |       0 |      11 | 100.0
     WizLab |       0 |   21633 | 100.0 |       0 |      33 | 100.0
            +---------+---------+-------+---------+---------+-------
